 Dungeon Crawl Stone Soup version 0.32-a0-30-gefbe487952 (webtiles) character file.

Game seed: 17819707602934187590

564 Ruich the Slasher (level 7, 53/53 HPs)
             Began as a Human Cinder Acolyte on Jan 19, 2024.
             Was a High Priest of Ignis.
             Quit the game on level 4 of the Dungeon.
             The game lasted 00:31:44 (5251 turns).

Ruich the Slasher (Human Cinder Acolyte)            Turns: 5251, Time: 00:31:45

Health: 53/53      AC:  3    Str: 15    XL:     7   Next: 32%
Magic:  12/12      EV: 11    Int: 16    God:    Ignis [*****.]
Gold:   170        SH:  0    Dex:  8    Spells: 11/13 levels left

rFire   + . .        a - +0 falchion (flame)
rCold   . . .        (no shield)
rNeg    . . .        b - +0 robe
rPois   .            (no helmet)
rElec   .            (no cloak)
rCorr   .            (no gloves)
SInv    .            j - +0 pair of boots
Will    .....        (no amulet)
Stlth   ++           (no ring)
HPRegen 0.28/turn    (no ring)
MPRegen 0.13/turn

%: no passive effects
@: no status effects
A: explore regen
a: Renounce Religion, Fiery Armour, Foxfire Swarm, Rising Flame


You were on level 4 of the Dungeon.
You worshipped Ignis.
Ignis was extremely pleased with you.
You visited 1 branch of the dungeon, and saw 5 of its levels.

You collected 170 gold pieces.


Innate Abilities, Weirdness & Mutations

You regain HP and MP as you explore.


   Skills:
 + Level 3.8 Fighting
 + Level 4.8 Long Blades
 + Level 3.3 Stealth
 + Level 3.8 Spellcasting
 - Level 4.0 Fire Magic


You had 11 spell levels left.
You knew the following spells:

 Your Spells              Type           Power      Damage    Failure   Level
X - Scorch                Fire           32%        2d6       4%          2

Your spell library contained the following spells:

 Spells                   Type           Power      Damage    Failure   Level
 Frozen Ramparts          Ice            6%         1d1       45%         3
 Leda's Liquefaction      Alch/Erth      1%         N/A       86%         4
 Petrify                  Alch/Erth      3%         N/A       86%         4
 Metabolic Englaciation   Hex/Ice        1%         N/A       99%         5

Inventory:

Hand Weapons
 a - a +0 falchion of flaming (weapon)
 p - a +0 long sword
 s - a +0 sling
Missiles
 d - 34 stones
 k - 6 silver javelins (quivered)
 o - 2 poisoned darts
Armour
 b - a +0 robe (worn)
 e - a +0 leather armour
 j - a +0 pair of boots (worn)
Magical Staves
 h - a staff of death {!a}
Scrolls
 c - a scroll of enchant weapon
 g - a scroll of immolation
 m - a scroll of enchant armour
 t - 3 scrolls of identify {@r1}

Dungeon Overview and Level Annotations

Branches:
Dungeon (5/15)
 Temple: D:4-7

Altars:
Ashenzari
Elyvilon
Hepliaklqana
Okawaru
Vehumet
Zin

Annotations:
D:5 exclusion: statue, Ijyb

#.###################.
#.# ###.......#. #.#
#...†.....#. #.#
#.#.#######. #.#
#.#......... #.#
#.########## #.#
#.########## #.#
#######.#..)...... #.#
#@......#.#######. #.#
#..######.# #. #.#
#..# #.# #.
#########.#
#..######.# #.
#.........#
#..#......# #.
#.#########
#..#.###### #.
#.#.....).# #..#.# #.
#.#.###.#)# #..#.# #.
#.#.#...#.# #.<#.# #.


There were no monsters in sight!


Message History

Confirm with . or Enter, or press ? or * to list all spells.
Flames lash the gnoll bouda.
The gnoll bouda is burned terribly!
The gnoll bouda is severely wounded.
The gnoll bouda gazes fiercely through you!
You feel your attacks grow feeble.
Casting: Scorch (safe; 4% risk of failure)
Confirm with . or Enter, or press ? or * to list all spells.
You don't have enough magic to cast this spell.
Unknown command.
Casting: Scorch (safe; 4% risk of failure)
Confirm with . or Enter, or press ? or * to list all spells.
You don't have enough magic to cast this spell.
The gnoll bouda gazes fiercely through you!
You feel as though you will be weak longer.
A gnoll comes into view. It is wielding a +0 whip.
There is a stone staircase leading up here.
The gnoll bouda calls upon its god to heal the gnoll.
The gnoll is healed somewhat.
You hear a shout!
The gnoll barely misses you.
The gnoll bouda barks out a call to the hunt!
You climb upwards.
There is a stone staircase leading down here.
You start resting.
Your attacks no longer feel as feeble.
You start resting.
HP restored.
Magic restored.
There is an escape hatch in the floor here.
Are you sure you want to abandon this character and quit the game? (Confirm with "yes".)

Skill      XL: |  1  2  3  4  5  6 |
---------------+-------------------+-----
Spellcasting   | 2 3 |  3.8
Fire Magic     | 4 |  4.0
Stealth        | 2 3 |  3.3
Long Blades    | 4 |  4.8
Fighting       | |  3.8

Action                     |  1- 3 |  4- 6 |  7- 9 || total
---------------------------+-------+-------+-------++-------
  Melee: Falchion          |    53 |    43 |       ||    96
  Throw: Javelin           |     1 |       |       ||     1
   Cast: Scorch            |    12 |    67 |    22 ||   101
 Invoke: Fiery Armour      |     1 |     1 |       ||     2
         Foxfire Swarm     |       |       |     1 ||     1
    Use: Scroll            |       |     4 |     6 ||    10
         Potion            |       |       |     5 ||     5
 Armour: Robe              |    26 |    54 |    28 ||   108
         Leather armour    |    15 |       |       ||    15
  Dodge: Dodged            |    36 |    34 |    14 ||    84

Levels and vault maps discovered:
D:1:      moated_graveyard_arrival, layout_basic,
          hellmonk_ecumenical_altar_crossroads, solitary_fountain
D:2:      layout_rooms, basic_altar
D:3:      layout_loops_ring, elyvilon_altar_5, lemuel_round_altar
D:4:      layout_basic, okawaru_trees_1, nicolae_hepliaklqana_hippocampus
D:5:      minmay_recursive_quarters, layout_basic, vehumet_statue, uniq_ijyb,
          uniq_eustachio, uniq_sigmund

Notes
Turn   | Place    | Note
-------+----------+-------------------------------------------
     0 | D:1      | Ruich the Human Cinder Acolyte began the quest for the Orb.
     0 | D:1      | Reached XP level 1. HP: 18/18 MP: 2/2
   109 | D:1      | Reached XP level 2. HP: 20/24 MP: 3/3
   182 | D:1      | Found a faded altar of an unknown god.
   368 | D:1      | Learned a level 2 spell: Scorch
   611 | D:2      | Reached XP level 3. HP: 29/29 MP: 0/5
   882 | D:2      | Found a glowing silver altar of Zin.
  1075 | D:2      | Reached skill level 2 in Spellcasting
  1075 | D:2      | Reached XP level 4. HP: 35/35 MP: 3/7
  1287 | D:2      | Reached skill level 4 in Fire Magic
  1394 | D:3      | Noticed a black bear
  1425 | D:3      | Found a white marble altar of Elyvilon.
  1748 | D:3      | Reached XP level 5. HP: 41/41 MP: 1/8
  1823 | D:3      | Reached skill level 1 in Stealth
  1883 | D:3      | Found a broken altar of Ashenzari.
  2415 | D:3      | Reached skill level 4 in Long Blades
  2574 | D:3      | Reached skill level 2 in Stealth
  2574 | D:3      | Reached skill level 3 in Spellcasting
  2702 | D:4      | Reached XP level 6. HP: 47/47 MP: 3/10
  3521 | D:4      | Found an iron altar of Okawaru.
  4053 | D:4      | Found a hazy altar of Hepliaklqana.
  4131 | D:5      | Entered Level 5 of the Dungeon
  4259 | D:5      | Reached skill level 3 in Stealth
  4263 | D:5      | Reached XP level 7. HP: 52/52 MP: 5/12
  4337 | D:5      | Found a radiant altar of Vehumet.
  4477 | D:5      | HP: 4/52 [scorpion (7)]
  4649 | D:5      | Noticed Ijyb
  4794 | D:5      | HP: 4/53 [scorpion (2)]
  5251 | D:4      | Quit the game

Vanquished Creatures
  3 scorpions
  An orc priest (D:4)
  A jelly (D:5)
  A hound (D:4)
  2 iguanas (D:4)
  4 orc wizards
  A gnoll (D:5)
  4 adders (D:2)
  2 ufetubi (D:5)
  A ribbon worm (D:3)
  2 dart slugs
  13 orcs
  5 ball pythons
  2 endoplasms
  A giant cockroach (D:2)
  4 goblins
  5 hobgoblins
  7 jackals
  8 kobolds
  4 quokkas
  5 bats
  4 frilled lizards
  3 rats (D:2)
83 creatures vanquished.

Vanquished Creatures (others)
  2 foxfires (D:5)
2 creatures vanquished.

Grand Total: 85 creatures vanquished

Table legend: (Time is in decaauts)
 A = Elapsed time spent in this place.
 B = Non-inter-level travel time spent in this place.
 C = Inter-level travel time spent in this place.
 D = Time resting spent in this place.
 E = Time spent auto-exploring this place.
 F = Levels seen in this place.
 G = Mean time per level.
                   A        B        C        D        E       F      G
               +--------+--------+--------+--------+--------+-----+--------+
         Total |   5252 |   5154 |     98 |   1826 |   2077 |   5 | 1050.4 |
       Dungeon |   5252 |   5154 |     98 |   1826 |   2077 |   5 | 1050.4 |
               +--------+--------+--------+--------+--------+-----+--------+

Top non-repeatable levels by time:
     D:4: 1688 daAuts
     D:3: 1175 daAuts
     D:2: 986 daAuts
     D:5: 813 daAuts
     D:1: 589 daAuts

Table legend:
 A = Non-vault XP
 B = Vault XP
 C = Vault XP percentage of total XP
 D = Non-vault monster count
 E = Vault monster count
 F = Vault count percentage of total count
                 A         B        C        D         E       F
            +---------+---------+-------+---------+---------+-------
      Total |     806 |       0 |   0.0 |      83 |       0 |   0.0
            +---------+---------+-------+---------+---------+-------
        D:1 |      30 |       0 |   0.0 |      17 |       0 |   0.0
        D:2 |      83 |       0 |   0.0 |      21 |       0 |   0.0
        D:3 |     151 |       0 |   0.0 |      19 |       0 |   0.0
        D:4 |     302 |       0 |   0.0 |      20 |       0 |   0.0
        D:5 |     240 |       0 |   0.0 |       6 |       0 |   0.0
            +---------+---------+-------+---------+---------+-------
